 Dungeon Crawl Stone Soup version 0.21.1-1-g345015fe64 (webtiles) character file.

2930 Peloso the Shield-Bearer (level 9, -5/80 HPs)
             Began as a Deep Dwarf Fighter on Apr 22, 2018.
             Was an Initiate of Ru.
             Slain by a two-headed ogre
             ... wielding a +0 giant club
              (9 damage)
             ... on level 8 of the Dungeon.
             The game lasted 00:22:11 (6154 turns).

Peloso the Shield-Bearer (Deep Dwarf Fighter)       Turns: 6154, Time: 00:22:12

Health: -5/80      AC: 16    Str: 26    XL:     9   Next: 50%
Magic:  9/9        EV:  6    Int:  9    God:    Ru [......]
Gold:   479        SH: 12    Dex: 18    Spells: 8/8 levels left

rFire    x . .     SeeInvis .   r - +6 short sword of Purpose {speed, Str+3 Dex+6}
rCold    + . .     Gourm    .   c - +0 shield
rNeg     . . .     Faith    +   b - +1 plate armour
rPois    .         Spirit   .   e - +0 helmet
rElec    .         Reflect  .   (no cloak)
rCorr    .         Harm     .   (no gloves)
MR       +....                  t - +0 pair of boots
Stlth    ..........             y - amulet of faith
HPRegen  0.00/turn              s - ring of ice
MPRegen  0.11/turn              (no ring)

@: non-regenerating, drained
A: damage resistance, heal wounds, sense surroundings 2, no regeneration
a: Heal Wounds, Sacrifice Nimbleness, Sacrifice Words, Sacrifice an Eye, Reject
Sacrifices, Renounce Religion


You were on level 8 of the Dungeon.
You worshipped Ru.
Ru was noncommittal.
You were not hungry.

You visited 2 branches of the dungeon, and saw 9 of its levels.

You collected 479 gold pieces.

Inventory:

Hand Weapons
 a - a +0 long sword
 p - a +2 dagger of flaming
 r - the +6 short sword of Purpose (weapon) {speed, Str+3 Dex+6}
   (You found it on level 5 of the Dungeon)

   Attacks with this weapon are significantly faster.
   It affects your strength (+3).
   It affects your dexterity (+6).
Armour
 b - a +1 plate armour (worn)
 c - a +0 shield (worn)
 e - a +0 helmet (worn)
 t - a +0 pair of boots (worn)
Jewellery
 h - an uncursed amulet of harm
 s - a ring of ice (left hand)
 y - an amulet of faith (around neck)
 z - an uncursed amulet of guardian spirit
Wands
 u - a wand of digging (11)
 A - a wand of iceblast (10)
Scrolls
 l - a scroll of enchant weapon
 n - a scroll of enchant armour
 w - a scroll of fog
 x - a scroll of teleportation
Potions
 d - 2 potions of might
 g - a potion of brilliance
 i - 3 potions of curing
 j - 2 potions of mutation
 k - 3 potions of flight
 m - a potion of haste {unknown}
 o - a potion of berserk rage {unknown}
 v - 3 potions of heal wounds {unknown}
 C - 2 potions of resistance {unknown}
 E - a potion of magic {unknown}
Comestibles
 f - 17 rations
 D - 3 chunks of flesh


   Skills:
 + Level 4.8(4.4) Fighting
 + Level 7.0(7.3) Short Blades
 + Level 5.4(7.0) Long Blades
 + Level 6.7(6.2) Armour
 + Level 1.8(1.5) Dodging
 + Level 0.2(0.0) Stealth
 + Level 7.3(6.9) Shields


You had 8 spell levels left.
You didn't know any spells.

Dungeon Overview and Level Annotations

Branches:
Dungeon (8/15)             Temple (1/1) D:4
   Lair: D:8-11

Altars:
Ashenzari
Cheibriados
Dithmenos
Elyvilon
Fedhas
Gozag
Hepliaklqana
Makhleb
Nemelex Xobeh
Okawaru
Qazlal
Ru
Sif Muna
Trog
Uskayaw
Vehumet
Wu Jian
Xom
Yredelemnul
Zin
The Shining One

Shops:
D:4 (


Innate Abilities, Weirdness & Mutations

You are resistant to damage.
You can heal yourself by infusing magical energy.
You passively map the area around you.
You do not regenerate.


Message History

The two-headed ogre is moderately wounded.
The two-headed ogre hits you with a giant club!
The two-headed ogre hits you with a giant club.
* * * LOW HITPOINT WARNING * * *
You puncture the two-headed ogre!
The two-headed ogre is heavily wounded.
You hit the two-headed ogre.
The two-headed ogre is heavily wounded.
You completely miss the two-headed ogre.
The two-headed ogre is heavily wounded.
The two-headed ogre hits you with a giant club.
* * * LOW HITPOINT WARNING * * *
The two-headed ogre hits you with a giant club!
* * * LOW HITPOINT WARNING * * *
You puncture the two-headed ogre!
The two-headed ogre is severely wounded.
You hit the two-headed ogre.
The two-headed ogre is almost dead.
The two-headed ogre hits you with a giant club!
You die...

*,,,,,,,* **##,*##*#.#
*,,..,..,..#
***.##.##.*..##
*,,,......,...#
*,*,*#..#.#...###***
*,,,*#........(.,,,*
*****,#.#.O.#.####,********
*,#...@.......,,,,,,,,,
*,#.#...#.#.##,********
*,#.....#,,,,,,* *
#.#.....###.##,********
#.#>..........,,,,,,,,,
#...........##,********
###.##...#....##,* *
#.....####......,* *
#.....# #....##***** *


You could see a two-headed ogre.

Vanquished Creatures
  A hornet (D:7)
  A hippogriff (D:8)
  4 hogs (D:7)
  A human (D:7)
  An ice beast (D:8)
  A sky beast (D:8)
  An ogre (D:6)
  3 phantoms
  A centaur (D:5)
  Blork the orc (D:5)
  A big kobold (D:7)
  A bullfrog (D:8)
  2 crimson imps
  4 hounds
  2 bullfrog skeletons
  A centaur skeleton (D:3)
  A centaur zombie (D:5)
  2 iguanas
  6 orc wizards
  Natasha (thrice) (D:3 D:4)
  7 worker ants
  2 hound zombies (D:6)
  Robin (D:2)
  3 gnolls (D:3)
  10 adders
  A shadow imp (D:6)
  An ooze (D:5)
  An adder skeleton (D:4)
  2 worms
  4 dart slugs
  4 leopard geckos
  12 orcs
  12 bats
  6 giant cockroaches
  17 goblins
  11 hobgoblins
  5 jackals
  17 kobolds
  3 quokkas
  A ball python (D:2)
  3 frilled lizards
  A leopard gecko zombie (D:5)
  8 rats
170 creatures vanquished.

Notes
Turn   | Place    | Note
-------+----------+-------------------------------------------
     0 | D:1      | Peloso the Deep Dwarf Fighter began the quest for the Orb.
     0 | D:1      | Reached XP level 1. HP: 20/20 MP: 1/1
   168 | D:1      | Reached XP level 2. HP: 27/27 MP: 2/2
   802 | D:2      | Reached XP level 3. HP: 26/33 MP: 3/3
   941 | D:2      | Noticed Robin
  1005 | D:2      | Killed Robin
  1005 | D:2      | Reached XP level 4. HP: 15/42 MP: 4/4
  1977 | D:3      | Reached XP level 5. HP: 16/49 MP: 5/5
  1991 | D:3      | Noticed Natasha
  2001 | D:3      | Killed Natasha
  2432 | D:3      | Reached skill level 1 in Dodging
  2660 | D:4      | Reached XP level 6. HP: 27/56 MP: 6/6
  2915 | D:4      | Found Foguepenna's Antique Weapon Shop.
  3239 | D:4      | Found a staircase to the Ecumenical Temple.
  3254 | D:4      | Noticed Natasha
  3262 | D:4      | Killed Natasha
  3347 | D:4      | Noticed Natasha
  3359 | D:4      | Killed Natasha
  3684 | Temple   | Entered the Ecumenical Temple
  3819 | Temple   | Became a worshipper of Ru the Awakened
  3906 | D:5      | Entered Level 5 of the Dungeon
  3932 | D:5      | Found a glowing silver altar of Zin.
  3936 | D:5      | Reached skill level 5 in Shields
  3937 | D:5      | Found an opulent altar of Gozag.
  3963 | D:5      | Found a shadowy altar of Dithmenos.
  3966 | D:5      | Found a shattered altar of Ashenzari.
  4039 | D:5      | Got a slimy short sword
  4040 | D:5      | Identified the +6 short sword of Purpose {speed, Str+3 Dex+6} (You found it on level 5 of the Dungeon)
  4076 | D:5      | Reached skill level 5 in Long Blades
  4076 | D:5      | Reached XP level 7. HP: 38/62 MP: 7/7
  4145 | D:5      | Reached skill level 1 in Short Blades
  4195 | D:5      | Found a sparkling altar of Nemelex Xobeh.
  4243 | D:5      | Noticed Blork the orc
  4252 | D:5      | Killed Blork the orc
  4620 | D:6      | Reached XP level 8. HP: 39/72 MP: 8/8
  4717 | D:6      | Reached skill level 5 in Armour
  5005 | D:7      | Found a bloodstained altar of Trog.
  5404 | D:7      | Reached skill level 5 in Short Blades
  5429 | D:7      | Gained mutation: You passively map the area around you. [Deep Dwarf growth]
  5429 | D:7      | Reached XP level 9. HP: 40/79 MP: 9/9
  5514 | D:7      | Found a bloodstained altar of Trog.
  5779 | D:7      | Found a deep blue altar of Sif Muna.
  5794 | D:7      | Found a hide-covered altar of Uskayaw.
  5794 | D:7      | Found a white marble altar of Elyvilon.
  5795 | D:7      | Found a snail-covered altar of Cheibriados.
  5798 | D:7      | Found an iron altar of Okawaru.
  6024 | D:8      | Found an ornate altar of the Wu Jian Council.
  6143 | D:8      | Noticed a two-headed ogre
  6152 | D:8      | HP: 4/80 [two-headed ogre/giant club (15)]
  6154 | D:8      | Slain by a two-headed ogre

Skill      XL: |  1  2  3  4  5  6  7  8  9 |
---------------+----------------------------+-----
Fighting       | 3 4 |  4.8
Shields        | 4 5 6 7 |  7.3
Long Blades    | 3 4 5 |  5.4
Armour         | 4 6 |  6.7
Dodging        | 1 |  1.8
Short Blades   | 2 5 7 |  7.0
Stealth        | |  0.2

Action                   |  1- 3 |  4- 6 |  7- 9 || total
-------------------------+-------+-------+-------++-------
Melee: Long sword        |   150 |   224 |       ||   374
       Short sword       |       |    14 |   295 ||   309
 Abil: Heal Wounds       |       |     3 |     1 ||     4
  Use: Scroll            |       |     7 |     5 ||    12
  Eat: Chunk             |       |     8 |     6 ||    14
       Ration            |       |     1 |       ||     1
Armor: Scale mail        |    72 |     2 |       ||    74
       Chain mail        |       |    59 |       ||    59
       Plate armour      |       |    67 |    90 ||   157
Dodge: Dodged            |    60 |    35 |    35 ||   130
Block: Shield            |   103 |   110 |   112 ||   325
       Rpst.: Long sword |    19 |    12 |       ||    31
